[ PARTIDA AOE2 · #514141939 ]
UnrankedCeltas vs Sicilians
Equipo del jugador · DERR
Equipo rival · VICT
[ ANÁLISIS DE REPETICIÓN · EXTRAÍDO DE LA PARTIDA GRABADA ]
Feudal
9:26
Castillos
20:55
Imperial
—
| APM promedio | 74.8 |
| APM pico | 107 |
| eAPM promedio | 29.6 |
| Aldeanos / militares | 64 / 42 |
Foco
⚔️ 52.4% · 🌾 47.6%
Skirmisher ×13 · Scorpion ×11 · Monk ×6 · Militia ×6 · Knight ×4 · Mangonel ×1
Feudal
10:01
Castillos
22:02
Imperial
—
| APM promedio | 75.7 |
| APM pico | 119 |
| eAPM promedio | 22.6 |
| Aldeanos / militares | 47 / 38 |
Foco
⚔️ 31.6% · 🌾 68.4%
Skirmisher ×20 · Knight ×6 · Ballestero montado ×5 · Archer ×3 · Militia ×3 · Monk ×1
Mapa de la partida
Recursos iniciales + cada clic de construcción. Líneas = muros · curvas = relieve. ◆ oro · ⬟ piedra · ● bayas · ✦ reliquia · ◌ hueco del cierre
Tu base· Abierta — hueco de 3t
Base de Dziamdziak· Abierta — flanco sin cerrar
Terreno inicial suavizado · ◌ = hueco del cierre detectado · pasá el cursor para detalles
Inputs por minuto
— The Illusionist - - Dziamdziak
Build order — The Illusionist
Primeras 150 de 191 acciones detectadas
| 0:00 | queue | Villager (Male) |
| 0:00 | queue | Villager (Male) |
| 0:01 | queue | Villager (Male) |
| 0:02 | Construir | House |
| 0:03 | Construir | House |
| 0:06 | queue | Villager (Male) |
| 1:29 | queue | Villager (Male) |
| 1:48 | queue | Villager (Male) |
| 2:09 | queue | Villager (Male) |
| 2:15 | Construir | Lumber Camp |
| 2:36 | queue | Villager (Male) |
| 2:37 | queue | Villager (Male) |
| 3:20 | queue | Villager (Male) |
| 3:24 | queue | Villager (Male) |
| 3:24 | queue | Villager (Male) |
| 3:52 | queue | Villager (Male) |
| 3:58 | Construir | Mill |
| 4:11 | queue | Villager (Male) |
| 4:11 | queue | Villager (Male) |
| 4:14 | Construir | House |
| 4:18 | Investigar | Loom |
| 5:06 | queue | Villager (Male) |
| 5:38 | queue | Villager (Male) |
| 5:56 | queue | Villager (Male) |
| 6:21 | Construir | Barracks |
| 6:47 | Construir | House |
| 6:47 | queue | Villager (Male) |
| 7:16 | Investigar | Feudal Age |
| 7:29 | queue | Militia |
| 7:29 | queue | Militia |
| 7:31 | Construir | House |
| 7:56 | queue | Militia |
| 7:56 | queue | Militia |
| 8:11 | Construir | Mill |
| 8:45 | Construir | Mining Camp |
| 8:47 | Construir | Mining Camp |
| 8:57 | queue | Villager (Male) |
| 9:20 | queue | Militia |
| 9:26 | Edad | Edad Feudal |
| 9:29 | Construir | Watch Tower |
| 9:32 | Investigar | Double-Bit Axe |
| 9:54 | queue | Villager (Male) |
| 10:01 | Construir | Watch Tower |
| 10:08 | Construir | Watch Tower |
| 10:12 | Construir | Farm |
| 10:13 | Construir | Farm |
| 10:24 | queue | Villager (Male) |
| 10:29 | Construir | Farm |
| 11:02 | queue | Villager (Male) |
| 11:05 | queue | Villager (Male) |
| 11:36 | Construir | Archery Range |
| 11:46 | Construir | Farm |
| 11:46 | queue | Villager (Male) |
| 11:52 | Construir | Farm |
| 12:19 | queue | Villager (Male) |
| 12:21 | Construir | Farm |
| 12:23 | Construir | House |
| 12:31 | queue | Skirmisher |
| 12:34 | Construir | Palisade Wall |
| 12:39 | queue | Villager (Male) |
| 12:45 | Construir | Farm |
| 12:51 | Construir | Palisade Wall |
| 12:51 | Construir | Palisade Wall |
| 13:00 | Construir | Farm |
| 13:03 | Construir | Palisade Wall |
| 13:11 | queue | Skirmisher |
| 13:12 | Construir | Palisade Wall |
| 13:14 | Construir | Palisade Wall |
| 13:20 | Construir | Farm |
| 13:26 | queue | Villager (Male) |
| 13:30 | queue | Skirmisher |
| 13:36 | Construir | Palisade Wall |
| 13:47 | queue | Skirmisher |
| 13:55 | queue | Skirmisher |
| 14:00 | Construir | Palisade Wall |
| 14:01 | Construir | Palisade Wall |
| 14:05 | Construir | Farm |
| 14:08 | queue | Villager (Male) |
| 14:14 | Construir | Farm |
| 14:21 | queue | Villager (Male) |
| 14:32 | Investigar | Town Watch |
| 14:41 | queue | Villager (Male) |
| 14:43 | queue | Skirmisher |
| 15:10 | Construir | House |
| 15:14 | Investigar | Wheelbarrow |
| 15:20 | Construir | House |
| 15:28 | Construir | House |
| 15:46 | Construir | Blacksmith |
| 15:49 | queue | Villager (Male) |
| 15:54 | queue | Skirmisher |
| 16:30 | queue | Villager (Male) |
| 16:36 | Construir | House |
| 16:42 | queue | Skirmisher |
| 16:47 | Construir | Market |
| 16:51 | queue | Villager (Male) |
| 17:00 | Investigar | Fletching |
| 17:05 | queue | Skirmisher |
| 17:17 | Investigar | Man-at-Arms (upgrade) |
| 17:17 | queue | Militia |
| 17:19 | Construir | House |
| 17:36 | queue | Villager (Male) |
| 17:42 | Construir | Palisade Gate |
| 17:49 | Construir | House |
| 18:00 | queue | Villager (Male) |
| 18:13 | Investigar | Castle Age |
| 18:13 | Investigar | Castle Age |
| 18:18 | Construir | Palisade Wall |
| 18:24 | Investigar | Horse Collar |
| 18:32 | Construir | Farm |
| 18:39 | Construir | Palisade Wall |
| 18:45 | Construir | Farm |
| 19:20 | Construir | Palisade Gate |
| 19:22 | Construir | Palisade Wall |
| 19:26 | Construir | Palisade Wall |
| 20:20 | Construir | Farm |
| 20:55 | Edad | Edad de los Castillos |
| 20:57 | Investigar | Bodkin Arrow |
| 21:00 | Construir | Siege Workshop |
| 21:02 | Construir | Monastery |
| 21:04 | Construir | Farm |
| 21:05 | Construir | Farm |
| 21:11 | queue | Villager (Male) |
| 21:18 | queue | Villager (Male) |
| 21:22 | queue | Skirmisher |
| 21:40 | queue | Villager (Male) |
| 21:46 | queue | Villager (Male) |
| 21:51 | queue | Villager (Male) |
| 21:53 | queue | Mangonel |
| 21:58 | queue | Scorpion |
| 21:59 | Construir | House |
| 22:01 | queue | Villager (Male) |
| 22:15 | queue | Villager (Male) |
| 22:22 | queue | Skirmisher |
| 22:31 | Construir | House |
| 22:37 | queue | Scorpion |
| 22:40 | queue | Villager (Male) |
| 22:43 | queue | Villager (Male) |
| 22:43 | Construir | Farm |
| 22:44 | Construir | Farm |
| 22:50 | Construir | Palisade Wall |
| 22:53 | Construir | Palisade Wall |
| 22:55 | queue | Villager (Male) |
| 22:58 | queue | Monk |
| 23:05 | queue | Villager (Male) |
| 23:06 | Construir | Stable |
| 23:09 | queue | Villager (Male) |
| 23:19 | Construir | Farm |
| 23:21 | Construir | Farm |
| 23:34 | queue | Scorpion |
| 23:38 | queue | Monk |
Build order — Dziamdziak
Primeras 150 de 156 acciones detectadas
| 0:00 | queue | Villager (Male) |
| 0:00 | queue | Villager (Male) |
| 0:01 | queue | Villager (Male) |
| 0:02 | Construir | House |
| 0:03 | Construir | House |
| 0:20 | queue | Villager (Male) |
| 1:36 | queue | Villager (Male) |
| 1:57 | queue | Villager (Male) |
| 2:17 | Investigar | Loom |
| 2:22 | Construir | Lumber Camp |
| 2:31 | queue | Villager (Male) |
| 2:44 | queue | Villager (Male) |
| 3:40 | queue | Villager (Male) |
| 4:05 | queue | Villager (Male) |
| 4:30 | queue | Villager (Male) |
| 4:30 | queue | Villager (Male) |
| 4:48 | queue | Villager (Male) |
| 4:51 | Construir | House |
| 5:48 | queue | Villager (Male) |
| 6:24 | Construir | Mill |
| 6:27 | queue | Villager (Male) |
| 6:46 | queue | Villager (Male) |
| 7:18 | queue | Villager (Male) |
| 7:24 | Construir | House |
| 7:28 | Construir | Barracks |
| 7:51 | Investigar | Feudal Age |
| 8:18 | queue | Militia |
| 8:32 | Construir | Mining Camp |
| 8:38 | Construir | Palisade Wall |
| 8:45 | Construir | Palisade Wall |
| 8:54 | Construir | Palisade Wall |
| 8:54 | Construir | Palisade Wall |
| 8:55 | Construir | Palisade Wall |
| 9:02 | Construir | Palisade Wall |
| 9:04 | Construir | Palisade Wall |
| 9:06 | Construir | Palisade Wall |
| 9:22 | queue | Militia |
| 9:23 | queue | Militia |
| 9:34 | Construir | Farm |
| 9:36 | Construir | Farm |
| 10:01 | Edad | Edad Feudal |
| 10:04 | queue | Villager (Male) |
| 10:13 | queue | Villager (Male) |
| 10:16 | Construir | Archery Range |
| 10:28 | Construir | Donjon |
| 10:34 | queue | Villager (Male) |
| 11:14 | queue | Archer |
| 11:31 | queue | Villager (Male) |
| 11:33 | Investigar | Double-Bit Axe |
| 11:52 | Construir | House |
| 11:56 | queue | Skirmisher |
| 12:12 | Construir | Farm |
| 12:31 | queue | Villager (Male) |
| 12:32 | Construir | Farm |
| 12:39 | queue | Skirmisher |
| 12:43 | Construir | Farm |
| 13:05 | queue | Villager (Male) |
| 13:13 | Construir | Farm |
| 13:17 | queue | Archer |
| 13:23 | Construir | House |
| 13:31 | queue | Villager (Male) |
| 13:45 | queue | Villager (Male) |
| 13:54 | Construir | Palisade Wall |
| 13:57 | Construir | Palisade Wall |
| 14:00 | queue | Villager (Male) |
| 14:02 | Construir | Farm |
| 14:03 | Construir | Farm |
| 14:05 | queue | Archer |
| 14:31 | Construir | Blacksmith |
| 14:39 | queue | Villager (Male) |
| 14:56 | queue | Villager (Male) |
| 15:16 | queue | Villager (Male) |
| 15:19 | queue | Skirmisher |
| 15:20 | Investigar | Fletching |
| 15:27 | Construir | Farm |
| 15:33 | Construir | Farm |
| 15:36 | Construir | House |
| 15:42 | Construir | House |
| 15:43 | Construir | House |
| 15:45 | queue | Villager (Male) |
| 15:48 | queue | Skirmisher |
| 16:06 | Construir | House |
| 16:16 | queue | Villager (Male) |
| 16:19 | Construir | Farm |
| 16:20 | Construir | Farm |
| 16:26 | queue | Skirmisher |
| 16:43 | queue | Villager (Male) |
| 16:52 | queue | Skirmisher |
| 17:11 | Construir | Farm |
| 17:32 | queue | Villager (Male) |
| 17:41 | queue | Villager (Male) |
| 18:04 | queue | Villager (Male) |
| 18:06 | Construir | Market |
| 18:09 | Construir | Lumber Camp |
| 18:13 | queue | Skirmisher |
| 18:20 | Construir | Farm |
| 18:36 | queue | Villager (Male) |
| 18:45 | Construir | Palisade Wall |
| 19:17 | Investigar | Castle Age |
| 19:17 | Investigar | Castle Age |
| 19:23 | Construir | Archery Range |
| 19:38 | Construir | Farm |
| 19:39 | queue | Skirmisher |
| 19:55 | Investigar | Gold Mining |
| 20:00 | Investigar | Horse Collar |
| 20:02 | queue | Skirmisher |
| 20:19 | queue | Skirmisher |
| 20:20 | queue | Skirmisher |
| 20:26 | Construir | Farm |
| 20:46 | Construir | House |
| 20:59 | queue | Villager (Male) |
| 21:08 | Construir | Stable |
| 21:41 | queue | Skirmisher |
| 21:41 | queue | Skirmisher |
| 21:56 | queue | Villager (Male) |
| 22:01 | queue | Skirmisher |
| 22:01 | queue | Skirmisher |
| 22:02 | Edad | Edad de los Castillos |
| 22:05 | queue | Knight |
| 22:10 | queue | Skirmisher |
| 22:10 | queue | Skirmisher |
| 22:16 | queue | Knight |
| 22:19 | queue | Villager (Male) |
| 22:22 | queue | Villager (Male) |
| 22:43 | queue | Ballestero montado |
| 22:48 | queue | Villager (Male) |
| 23:03 | queue | Villager (Male) |
| 23:04 | queue | Skirmisher |
| 23:04 | queue | Skirmisher |
| 23:18 | Investigar | Bow Saw |
| 23:19 | Investigar | Town Watch |
| 23:21 | Investigar | Wheelbarrow |
| 23:50 | queue | Ballestero montado |
| 23:57 | queue | Knight |
| 24:04 | Construir | Monastery |
| 24:09 | queue | Skirmisher |
| 24:11 | queue | Knight |
| 24:15 | Construir | Lumber Camp |
| 24:18 | Construir | Farm |
| 24:25 | queue | Villager (Male) |
| 24:38 | Investigar | Bodkin Arrow |
| 24:40 | queue | Monk |
| 24:56 | queue | Villager (Male) |
| 25:01 | Construir | House |
| 25:02 | Construir | House |
| 25:45 | queue | Ballestero montado |
| 25:45 | queue | Ballestero montado |
| 25:52 | queue | Knight |
| 25:53 | queue | Ballestero montado |
| 25:55 | queue | Villager (Male) |
Cronología de la partida
| 6:21 | The Illusionist · first_building Barracks |
| 7:28 | Dziamdziak · first_building Barracks |
| 8:38 | Dziamdziak · wall_segment Palisade Wall x1 |
| 8:45 | Dziamdziak · wall_segment Palisade Wall x1 |
| 8:54 | Dziamdziak · wall_segment Palisade Wall x1 |
| 8:54 | Dziamdziak · wall_segment Palisade Wall x1 |
| 8:55 | Dziamdziak · wall_segment Palisade Wall x1 |
| 9:02 | Dziamdziak · wall_segment Palisade Wall x1 |
| 9:04 | Dziamdziak · wall_segment Palisade Wall x1 |
| 9:06 | Dziamdziak · wall_segment Palisade Wall x1 |
| 9:26 | The Illusionist · age_up feudal |
| 10:01 | Dziamdziak · age_up feudal |
| 10:16 | Dziamdziak · first_building Archery Range |
| 10:28 | Dziamdziak · first_building Donjon |
| 11:36 | The Illusionist · first_building Archery Range |
| 12:34 | The Illusionist · wall_segment Palisade Wall x1 |
| 12:51 | The Illusionist · wall_segment Palisade Wall x2 |
| 12:51 | The Illusionist · wall_segment Palisade Wall x1 |
| 13:03 | The Illusionist · wall_segment Palisade Wall x1 |
| 13:12 | The Illusionist · wall_segment Palisade Wall x3 |
| 13:14 | The Illusionist · wall_segment Palisade Wall x7 |
| 13:36 | The Illusionist · wall_segment Palisade Wall x1 |
| 13:54 | Dziamdziak · wall_segment Palisade Wall x13 |
| 13:57 | Dziamdziak · wall_segment Palisade Wall x3 |
| 14:00 | The Illusionist · wall_segment Palisade Wall x1 |
| 14:01 | The Illusionist · wall_segment Palisade Wall x3 |
| 18:12 | The Illusionist · first_market_sell 100 wood |
| 18:12 | The Illusionist · first_market_buy 100 food |
| 18:18 | The Illusionist · wall_segment Palisade Wall x1 |
| 18:39 | The Illusionist · wall_segment Palisade Wall x3 |
| 18:45 | Dziamdziak · wall_segment Palisade Wall x1 |
| 18:54 | Dziamdziak · first_market_sell 100 wood |
| 18:55 | Dziamdziak · first_market_buy 100 food |
| 19:22 | The Illusionist · wall_segment Palisade Wall x1 |
| 19:26 | The Illusionist · wall_segment Palisade Wall x6 |
| 20:55 | The Illusionist · age_up castle |
| 21:00 | The Illusionist · first_building Siege Workshop |
| 21:02 | The Illusionist · first_building Monastery |
| 21:08 | Dziamdziak · first_building Stable |
| 22:02 | Dziamdziak · age_up castle |
| 22:50 | The Illusionist · wall_segment Palisade Wall x1 |
| 22:53 | The Illusionist · wall_segment Palisade Wall x1 |
| 23:06 | The Illusionist · first_building Stable |
| 24:04 | Dziamdziak · first_building Monastery |
| 27:37 | The Illusionist · resign |
[ ANÁLISIS IA · 1 CRÉDITO ]
¿Qué pasó realmente en esta partida?
Wolo.gg analiza cada decisión: build order, eco, micro, errores típicos por bracket. Análisis personalizado por WhatsApp o Discord en 30 segundos.
Guía civ
Celtas
Perfil
Jugador #1389164